 Dungeon Crawl Stone Soup version 0.22-a0-322-g60b3cfd (webtiles) character file.

18 Amnesiac the Gusty (level 2, -3/17 HPs)
             Began as an Octopode Air Elementalist on Apr 3, 2018.
             Killed from afar by a dart slug (7 damage)
             ... with a slug dart
             ... on level 1 of the Dungeon.
             The game lasted 00:00:58 (1051 turns).

Amnesiac the Gusty (Octopode Air Elementalist)      Turns: 1051, Time: 00:00:59

Health: -3/17      AC:  1    Str:  7    XL:     2   Next: 66%
Magic:  5/5        EV: 13    Int: 17    God:
Gold:   41         SH:  0    Dex: 12    Spells: 4/5 levels left

rFire    . . .     SeeInvis .   (no weapon)
rCold    . . .     Gourm    .   (no shield)
rNeg     . . .     Faith    .   (helmet restricted)
rPois    .         Spirit   .   (no amulet)
rElec    .         Reflect  .   (no ring)
rCorr    .         Harm     .   (no ring)
MR       .....                  (no ring)
Stlth    +++.......             (no ring)
HPRegen  0.05/turn              (no ring)
MPRegen  0.09/turn              (no ring)
                                (no ring)
                                (no ring)

@: no status effects
A: almost no armour, stealthy swim, amphibious, 8 rings, constrict 8, camouflage
1, gelatinous body 1
a: no special abilities


You were on level 1 of the Dungeon.
You were not hungry.

You visited 1 branch of the dungeon, and saw 1 of its levels.

You collected 41 gold pieces.

Inventory:

Missiles
 g - 15 poisoned needles
Scrolls
 c - a scroll of teleportation {!r, unknown}
 d - a scroll of noise {!r, unknown}
 f - a scroll of magic mapping {!r, unknown}
 i - a scroll of amnesia {!r, unknown}
Potions
 a - a potion of lignification {!q, unknown}
 e - a potion of curing {!q, unknown}
 h - a potion of mutation {!q, unknown}
 j - a potion of cancellation {!q, unknown}
Comestibles
 b - a ration


   Skills:
 - Level 2.0 Dodging
 - Level 2.6 Stealth
 + Level 2.3 Spellcasting
 - Level 1.0 Conjurations
 * Level 3.6 Air Magic


You had 4 spell levels left.
You knew the following spells:

 Your Spells              Type           Power        Failure   Level  Hunger
a - Shock                 Conj/Air       #...         7%          1    #......


Dungeon Overview and Level Annotations

Branches:
Dungeon (1/15)

Altars:


Innate Abilities, Weirdness & Mutations

You cannot wear most types of armour.
You are very stealthy in the water. (Stealth+)
You are amphibious.
You can wear up to eight rings at the same time.
You can use your tentacles to constrict eight enemies at once.
Your skin changes colour to match your surroundings (Stealth+).
Your rubbery body absorbs attacks. (AC +1, EV +1)


Message History

HP restored.
You start resting.
HP restored.
g - 15 poisoned needles
Found a stone staircase leading down.
No target in view!
h - a fizzy brown potion {!q} No target in view!
i - a scroll labeled QORAEPOEKHLITO {!r} No target in view!
j - a murky golden potion {!q} No target in view!
You now have 34 gold pieces (gained 12).
You now have 41 gold pieces (gained 7).
You open the door.
There is an open door here.
A kobold comes into view. It is wielding a short sword.
The kobold shouts!
The kobold moves out of view.
No target in view!
A dart slug comes into view.
A goblin comes into view. It is wielding a club.
Found a club.
There are monsters nearby!
The kobold hits you with a short sword.
There are monsters nearby!
The goblin shouts!
You tentacle-slap the kobold. You grab the kobold.
The kobold is moderately wounded.
You constrict the kobold. The kobold hits you with a short sword.
You tentacle-slap the kobold.
You kill the kobold!
The goblin hits you with a club.
You tentacle-slap the goblin.
You kill the goblin!
The dart slug launches a dart at you. The slug dart misses you.
Things that are here:
a club; a goblin corpse You tentacle-slap the dart slug but do no damage.
You grab the dart slug. You constrict the dart slug. The dart slug bites you.
* * * LOW HITPOINT WARNING * * *
You tentacle-slap the dart slug but do no damage.
The dart slug is lightly wounded.
You constrict the dart slug. The dart slug launches a dart at you.
The slug dart hits you!
* * * LOW HITPOINT WARNING * * *
You are too injured to fight recklessly!
You are too injured to fight recklessly!
You are too injured to fight recklessly!
You tentacle-slap the dart slug.
You squeeze the dart slug, but do no damage.
The dart slug is heavily wounded.
You constrict the dart slug.
You tentacle-slap the dart slug but do no damage.
The dart slug is heavily wounded.
You constrict the dart slug. The dart slug barely misses you.
You tentacle-slap the dart slug.
The dart slug is severely wounded.
You constrict the dart slug. The dart slug launches a dart at you.
The slug dart hits you!
You die...

......##....##.# #....#
......##.....#.###.####
......##...#.#.....###
########...+.........#
#...#.#.#>#.#.#
#.............#
#...#.#.#.#.###
####....))...#
##.#.#@#.## #.....w...#
##.#.#.#.## #.........#
##.# #.#)## #. ### #


You could see a dart slug.

Vanquished Creatures
  A hobgoblin (D:1)
  8 jackals (D:1)
  2 bats (D:1)
  2 frilled lizards (D:1)
  A goblin (D:1)
  2 kobolds (D:1)
  A rat (D:1)
17 creatures vanquished.

Notes
Turn   | Place    | Note
-------+----------+-------------------------------------------
     0 | D:1      | Amnesiac the Octopode Air Elementalist began the quest for the Orb.
     0 | D:1      | Reached XP level 1. HP: 11/11 MP: 3/3
    20 | D:1      | Reached XP level 2. HP: 4/17 MP: 0/5
  1051 | D:1      | Killed from afar by a dart slug

Vault maps used:
D:1:      dpeg_arrival_tiny_d, minmay_misc_feat_diagonals, st_stairs_9

Action                   || total
-------------------------++-------
Melee: Unarmed           ||    45
       Constrict         ||    14
       Tentacles         ||    11
 Cast: Shock             ||     4
 Stab: Sleeping          ||     1
Armor: Skin              ||     2
Dodge: Dodged            ||    33

Table legend:
 A = Spawn XP
 B = Non-spawn XP
 C = Spawn XP percentage of total XP
 D = Spawn monster count
 E = Non-spawn monster count
 F = Spawn count percentage of total count
 G = Total turns spent on level
                    A         B        C        D         E        F      G
               +---------+---------+-------+---------+---------+-------+---------
         Total |       0 |      26 |   0.0 |       0 |      17 |   0.0 |  1051
               +---------+---------+-------+---------+---------+-------+---------
           D:1 |       0 |      26 |   0.0 |       0 |      17 |   0.0 |  1051
               +---------+---------+-------+---------+---------+-------+---------
